AoeStats
← brunoaraujo

Black Forest

510165628Analyzed
3v3 RM · 2d ago on Sep 29, 2026· 108m 22s· 6 players
Game mode
Random Map
Map size
Normal (6 player)
Population
200
Speed
Normal
Resources
Standard
Victory
Conquest
Starting age
Dark Age
Ending age
Imperial Age
RankedLock teamsTeams togetherTeam positionsShared explorationLock speedFull tech treeHidden civsTurbo modeCheats
Victory
Defeat
🇫🇷 Bohemians · France
679
+16
🇨🇳 Celts · China
624
+18
🇧🇷 Khmer · Brazil
586
+20
🇨🇿 Bulgarians · Czechia
716
-19
🇨🇿 Britons · Czechia
687
-19
🇨🇿 Aztecs · Czechia
634
-16
brunoaraujo
1:02 Loom
14:54 Feudal Age
16:13 Wheelbarrow
16:11 Town Watch
16:09 Horse Collar
17:00 Double-Bit Axe
22:39 Gold Mining
22:52 Stone Mining
26:48 Castle Age
27:16 Castle Age
29:18 Hand Cart
29:11 Heavy Plow
32:27 Imperial Age
31:08 Bow Saw
31:28 Scale Barding Armor
31:34 Forging
31:26 Husbandry
31:36 Bloodlines
30:49 Light Cavalry
33:16 Gold Shaft Mining
35:17 Stone Shaft Mining
35:21 Caravan
35:52 Chain Barding Armor
34:54 Cavalier
38:03 Crop Rotation
39:29 Plate Barding Armor
41:40 Fishing Lines
43:16 Iron Casting
43:04 Conscription
43:21 Hoardings
43:11 Sanctity
45:46 Town Patrol
45:15 Elite Ballista Elephant
47:14 Blast Furnace
46:26 Double Crossbow
46:29 Tusk Swords
47:38 Gillnets
49:20 Fervor
55:16 Hussar
55:18 Elite Battle Elephant
66:04 Scale Mail Armor
65:36 Sappers
65:42 Sappers
66:45 Devotion
67:17 Illumination
66:52 Herbal Medicine
67:34 Theocracy
73:32 Onager
73:35 Heavy Scorpion
82:53 Pikeman
83:56 Chain Mail Armor
85:45 Coinage
88:51 Fletching
89:19 Padded Archer Armor
89:45 Halberdier
101:05 Bodkin Arrow
101:23 Masonry
101:25 Fortified Wall
101:35 Leather Archer Armor
105:20 Arson
105:11 Man-at-Arms
florent.toto
0:30 Loom
12:48 Feudal Age
15:43 Double-Bit Axe
19:28 Castle Age
17:25 Horse Collar
20:10 Town Watch
21:01 Wheelbarrow
25:14 Heavy Plow
26:25 Bow Saw
36:31 Imperial Age
34:19 Hand Cart
35:37 Fortified Wall
35:38 Masonry
36:29 Chemistry
35:50 Ballistics
36:09 Pikeman
36:10 Man-at-Arms
38:04 Arrowslits
38:46 Conscription
40:31 Houfnice
40:34 Capped Ram
40:37 Long Swordsman
42:48 Caravan
43:21 Two-Handed Swordsman
45:02 Murder Holes
44:58 Guard Tower
44:32 Heavy Scorpion
48:10 Elite Hussite Wagon
56:00 Padded Archer Armor
55:51 Fletching
56:12 Forging
56:02 Scale Mail Armor
56:08 Scale Barding Armor
59:21 Keep
59:37 Onager
72:12 Elite Skirmisher
99:59 Light Cavalry
101:29 Cavalier
102:13 Husbandry
伐木王
0:39 Loom
14:11 Feudal Age
14:53 Double-Bit Axe
16:14 Gold Mining
16:11 Horse Collar
23:27 Castle Age
22:27 Stone Mining
25:24 Stone Shaft Mining
25:28 Gold Shaft Mining
26:33 Caravan
31:31 Heavy Plow
34:08 Imperial Age
32:53 Bow Saw
35:41 Furor Celtica
36:04 Furor Celtica
36:37 Capped Ram
37:41 Siege Ram
37:53 Heavy Scorpion
40:36 Ballistics
40:37 Siege Engineers
40:46 Fortified Wall
40:54 Masonry
41:49 Siege Ram
44:19 Murder Holes
44:45 Town Watch
45:37 Wheelbarrow
48:03 Hoardings
65:05 Onager
72:03 Chemistry
77:04 Town Patrol
77:21 Hand Cart
76:34 Siege Onager
77:40 Conscription
76:51 Sappers
77:28 Stronghold
76:59 Elite Woad Raider
87:36 Guard Tower
87:31 Arrowslits
92:10 Keep
Majkl
1:32 Loom
13:46 Feudal Age
14:08 Horse Collar
14:14 Double-Bit Axe
23:04 Arson
25:47 Castle Age
24:55 Forging
24:40 Stone Mining
27:56 Bow Saw
28:08 Heavy Plow
28:15 Gambesons
33:16 Iron Casting
38:42 Imperial Age
38:31 Stirrups
39:26 Gold Mining
40:15 Stone Shaft Mining
39:18 Elite Konnik
41:03 Caravan
41:44 Gold Shaft Mining
42:08 Scale Barding Armor
43:41 Squires
45:36 Thumb Ring
46:23 Crop Rotation
45:36 Pikeman
49:24 Elite Skirmisher
50:20 Onager
51:01 Halberdier
52:01 Siege Onager
56:55 Wheelbarrow
58:48 Chemistry
60:09 Hand Cart
64:16 Blast Furnace
63:19 Scale Mail Armor
64:26 Masonry
66:59 Guard Tower
69:36 Fletching
69:47 Padded Archer Armor
70:03 Chain Mail Armor
72:03 Bodkin Arrow
72:24 Leather Archer Armor
72:42 Plate Mail Armor
74:25 Bracer
75:52 Ballistics
83:42 Keep
Sysel
10:27 Feudal Age
11:07 Double-Bit Axe
11:10 Horse Collar
23:59 Castle Age
22:51 Stone Mining
22:52 Gold Mining
24:30 Wheelbarrow
24:21 Elite Skirmisher
26:03 Bow Saw
25:57 Heavy Plow
30:18 Padded Archer Armor
30:09 Fletching
32:58 Leather Archer Armor
32:39 Bodkin Arrow
37:09 Imperial Age
38:02 Elite Longbowman
40:48 Yeomen
44:43 Gold Shaft Mining
56:26 Chemistry
55:46 Ballistics
56:12 Siege Engineers
57:01 Heavy Scorpion
59:31 Hand Cart
60:23 Two-Man Saw
63:30 Warwolf
70:21 Ring Archer Armor
69:52 Bracer
Obe
10:40 Feudal Age
11:24 Double-Bit Axe
18:35 Castle Age
22:11 Bow Saw
24:24 Gold Mining
27:00 Wheelbarrow
27:04 Forging
29:48 Iron Casting
29:14 Scale Mail Armor
31:18 Gold Shaft Mining
32:39 Hand Cart
36:07 Imperial Age
33:35 Loom
34:35 Chain Mail Armor
36:19 Caravan
37:41 Plate Mail Armor
38:12 Blast Furnace
39:32 Elite Jaguar Warrior
42:25 Garland Wars
47:09 Coinage
48:23 Banking
68:05 Elite Skirmisher
68:49 Padded Archer Armor
68:40 Fletching
71:45 Onager
94:03 Leather Archer Armor
93:44 Bodkin Arrow
94:43 Bracer
Connection lost

Rejoining the realm…

Still unreachable

The connection could not be restored.

Session expired

The server has moved on; the page needs a fresh start.